cohdb
Replays
Latest Replays
All Replays
Popular Replays
Top Player Replays
Match Explorer
How It Works
Community
CoH3 Stats
Reddit
Sign in to upload your games and track your stats! →
Sign in with Steam
Match 47277915
Unlisted
Match 47277915
Overview
Messages
Build Orders
End
Construct Weapon Support Center
Engineer Squad
Selects Heavy Weapons
M1919 Machine Gun Team
M1919 Machine Gun Team
Bazooka Squad
Bazooka Squad
Mechanized Support Center
M3 Armored Personnel Carrier
Selects Assault Carriers
.30 cal Machine Gun
Engineer Squad
.30 cal Machine Gun
Mortar Pit
Construct Tank Depot
Selects Exchangeable Parts
M4A1 Sherman Medium Tank
Scout Squad
M4A1 Sherman Medium Tank
LicketySplit
Ismachu
nob talk too much
Brothers in Trenches
FLOKL
ScarletT
0
0
Comments
sign in to comment!
No comments posted yet!